Unix NetHack Version 5.0.0-0 post-release - last build May 30 2026 05:04:26 (55804bc15828dd6e32e9076e0726aa6fccb6e981,branch:main).

Game began 2026-05-30 12:11:36, ended 2026-05-30 12:17:41.

DaveT, lawful male human Priest

      ------
     #-.@..-
     #|f...|
     #|....|
     #|.....
     #|....|
     #---.--
     ### #
       ##
        #
        #
        #
        #
        #
  ------#
  |"...-#
  |%...|
  |.%..|
  ------

DaveT the Acolyte            St:13 Dx:14 Co:11 In:8 Wi:18 Ch:12  Lawful
Dlvl:4  $:32 HP:0(27) Pw:51(51) AC:3  Xp:3 T:1242  Burdened

Latest messages:
 You have a little trouble lifting F - a scroll labeled MAPIRO MAHAMA DIROMAT.
 You see here an effervescent potion.
 You have a little trouble lifting G - an effervescent potion.
 You fall down the stairs.
 What do you want to read? [ghtF or ?*] ?
 As you read the scroll, it disappears.
 This is an identify scroll.
 G - a potion of gain energy.
 l - a ring of polymorph control (on left hand).
 j - a cursed amulet of strangulation.
 What do you want to drop? [$a-jl-oqstv-xABDEG or ?*] j
 You drop a cursed amulet of strangulation.
 You see here a crested helmet.
 You have a little trouble lifting H - a crested helmet.
 What do you want to take off? [bqE or ?*] ?
 You finish taking off your helm.
 What do you want to wear? [EH or ?*] H
 You finish your dressing maneuver.
 You see here a tripe ration.
 An arrow shoots out at you!
 You are hit by an arrow!
 You have a little trouble lifting I - 10 cursed arrows.
 You see here a lembas wafer.
 You have a little trouble lifting J - a lembas wafer.
 The dwarf zombie opens a door.
 You hit the dwarf zombie!
 The dwarf zombie hits!
 You hit the dwarf zombie!
 The dwarf zombie misses!
 The dwarf zombie just misses!
 You miss the dwarf zombie.
 You destroy the dwarf zombie!
 You find a hidden passage.
 The door opens.
 The kitten misses!
 The kitten bites!
 The kitten bites!
 The kitten misses!
 The kitten bites!
 You miss the kitten.
 The kitten bites!
 The kitten misses!
 The kitten bites!
 The kitten misses!
 You hit the kitten.
 The kitten bites!
 The kitten bites!
 You die...
 Do you want your possessions identified? [ynq] (y) y
 Do you want to see your attributes? [ynq] (y) q

Inventory:
 Coins    ('$')
  $ - 32 gold pieces
 Weapons  (')')
  I - 10 cursed -1 arrows
  x - a +1 orcish dagger
  i - a +0 orcish dagger
  a - a blessed +1 mace (weapon in right hand)
 Armor    ('[')
  H - a +0 helmet (being worn)
  E - a +0 orcish helm
  q - a +0 shield of shock resistance (being worn)
  c - a burnt +0 small shield
  b - a +0 robe (being worn)
  v - a +0 ring mail (being worn)
 Comestibles  ('%')
  o - a carrot
  e - 2 cloves of garlic
  A - a cursed food ration
  J - a lembas wafer
  D - a cursed lembas wafer
  n - a pancake
  f - a sprig of wolfsbane
 Spellbooks  ('+')
  g - a spellbook of light
  t - a spellbook of light
  h - a spellbook of remove curse
 Potions  ('!')
  G - a potion of gain energy
  w - 2 potions of healing
  d - 4 potions of holy water
 Rings    ('=')
  l - a ring of polymorph control (on left hand)
 Wands    ('/')
  s - a wand of digging (0:3)
 Tools    ('(')
  B - 2 cursed tallow candles
 Gems/Stones  ('*')
  m - a worthless piece of green glass

DaveT the Priest's attributes:

Background:
 You were an Acolyte, a level 3 human Priest.
 You were lawful, on a mission for Mercury
 who was opposed by Venus (neutral) and Mars (chaotic).
 You were right-handed.
 You were in the Dungeons of Doom, on level 4.
 You entered the dungeon 1242 turns ago.
 You had 53 experience points, 27 more were needed to attain level 4.

Basics:
 You had 0 out of 27 hit points.
 You had all 51 energy points (spell power).
 Your armor class was 3.
 Your wallet contained 32 zorkmids.
 Autopickup was off.

Final Characteristics:
 Your strength was 13 (limit:18/100).
 Your dexterity was 14 (limit:18).
 Your constitution was 11 (limit:18).
 Your intelligence was 8 (limit:18).
 Your wisdom was 18 (limit:18).
 Your charisma was 12 (limit:18).

Final Status:
 You weren't hungry.
 You were burdened; movement was slightly slowed.
 You were wielding a mace.
 You had basic skill with mace.

Final Attributes:
 You were devoutly aligned.
 You were shock resistant.
 Your items were protected from electric shocks.
 You were guarded.
 Your spell casting was impaired by metallic armor, mitigated by your robe.
 You had polymorph control.
 You are dead.

Miscellaneous:
 You didn't encounter any bones levels.
 Total elapsed playing time was 6 minutes and 5 seconds.

Major events:
 Turn
    1: DaveT the lawful human Priest entered the dungeon
  974: attained the rank of Acolyte (level 3)
 1242: killed by a kitten

Spells:
 Name                 Level Category     Fail Retention
 light                  1   clerical      67%  91%-100%
 remove curse           3   clerical      29%  91%-100%

Skills:
 Fighting Skills
   bare handed combat [Unskilled]
 Weapon Skills
   club               [Unskilled]
   mace               [Basic]
   morning star       [Unskilled]
   flail              [Unskilled]
   hammer             [Unskilled]
   quarterstaff       [Unskilled]
   polearms           [Unskilled]
   spear              [Unskilled]
   trident            [Unskilled]
   lance              [Unskilled]
   bow                [Unskilled]
   sling              [Unskilled]
   crossbow           [Unskilled]
   dart               [Unskilled]
   shuriken           [Unskilled]
   boomerang          [Unskilled]
   unicorn horn       [Unskilled]
 Spellcasting Skills
   healing spells     [Unskilled]
   divination spells  [Unskilled]
   clerical spells    [Basic]

Voluntary challenges:
 Character rerolling was not enabled.
 You never genocided any monsters.
 You never polymorphed an object.
 You never changed form.
 You used no wishes.
Achievement:
 You attained the rank of Acolyte.

 The Dungeons of Doom: levels 1 to 4
    Level 1:
       An altar, a fountain.
    Level 2:
    Level 3:
    Level 4: <- You were here.
       Final resting place for
          you, killed by a kitten.


Vanquished creatures:
  a dwarf zombie
  a hobgoblin
  2 giant rats
  a brown mold
  a gecko
  4 jackals
  a fox
  3 goblins
  2 sewer rats
  4 grid bugs
  a lichen
  3 newts
24 creatures vanquished.

No species were genocided or became extinct.

Game over:
                       ----------
                      /          \
                     /    REST    \
                    /      IN      \
                   /     PEACE      \
                  /                  \
                  |      DaveT       |
                  |      32 Au       |
                  |   killed by a    |
                  |      kitten      |
                  |                  |
                  |                  |
                  |       2026       |
                 *|     *  *  *      | *
        _________)/\\_//(\/(/\)/\//\/|_)_______

Goodbye DaveT the Priest...

You died in The Dungeons of Doom on dungeon level 4 with 431 points,
and 32 pieces of gold, after 1242 moves.
You were level 3 with a maximum of 27 hit points when you died.

